 Dungeon Sprint DCSS version 0.28-a0-883-gc8d7bad45d (webtiles) character file.

Game seed: 17650828019047282598

429 mhtbhm the Protected (level 6, -2/66 HPs)
             Began as a Minotaur Fighter on Nov 21, 2021.
             Was an Initiate of Trog.
             Slain by a slime creature (7 damage)
             ... in the Dungeon (Sprint I: "Red Sonja").
             The game lasted 00:00:53 (481 turns).

mhtbhm the Protected (Minotaur Fighter)              Turns: 481, Time: 00:00:53

Health: -2/66      AC:  8    Str: 23    XL:     6   Next: 66%
Magic:  5/5        EV: 10    Int:  5    God:    Trog [......]
Gold:   11         SH: 10    Dex:  9    Spells: 5/5 levels left

rFire   . . .      SeeInvis .   a - +0 flail
rCold   . . .      Faith    .   c - +0 buckler
rNeg    . . .      Spirit   .   b - +0 scale mail
rPois   .          Reflect  +   (helmet restricted)
rElec   .          Harm     .   (no cloak)
rCorr   .          Rampage  .   (no gloves)
Will    .....      NoTele   +   (no boots)
Stlth   ..........              k - amulet of reflection
HPRegen 0.21/turn               (no ring)
MPRegen 0.09/turn               (no ring)

@: no status effects
A: horns 2, retaliatory headbutt
a: Renounce Religion


You were in the Dungeon.
You worshipped Trog.
Trog was noncommittal.
You visited 1 branch You collected 311 gold pieces.
You spent 300 gold pieces at shops.

Inventory:

Hand Weapons
 a - a +0 flail (weapon)
Armour
 b - a +0 scale mail (worn)
 c - a +0 buckler (worn)
Jewellery
 k - an amulet of reflection (around neck)
Scrolls
 j - a scroll of blinking
Potions
 d - a potion of might
 e - 2 potions of curing
 f - a potion of heal wounds
 g - a potion of haste
 h - 2 potions of magic
 i - a potion of degeneration {unknown}


   Skills:
 + Level 9.6 Fighting
 + Level 7.9 Maces & Flails
 + Level 10.3 Armour
 + Level 9.1 Shields


You had 5 spell levels left.
You didn't know any spells.
Your spell library was empty.

Dungeon Overview and Level Annotations

Branches:
Dungeon (1/1)

Altars:
Cheibriados
Dithmenos
Elyvilon
Fedhas
Gozag
Hepliaklqana
Kikubaaqudgha
Makhleb
Nemelex Xobeh
Okawaru
Qazlal
Ru
Sif Muna
Trog
Uskayaw
Vehumet
Wu Jian
Xom
Yredelemnul
Zin
The Shining One
Jiyva
Lugonu

Shops:
D =


Innate Abilities, Weirdness & Mutations

You have a pair of horns on your head.
You reflexively headbutt those who attack you in melee.


Message History

You open the door.
A slime creature comes into view.
The slime creature quivers.
Found four altars.
The slime creature hits you!
There is an open door here.
You hit the slime creature.
The slime creature is lightly wounded.
The slime creature hits you!
You thump the slime creature!
The slime creature is moderately wounded.
The slime creature hits you but does no damage.
You sock the slime creature!
You headbutt the slime creature, but do no damage.
The slime creature is moderately wounded.
The slime creature hits you!
You hit the slime creature.
Your headbutt misses the slime creature.
The slime creature is moderately wounded.
You block the slime creature's attack.
You hit the slime creature.
The slime creature is heavily wounded.
The slime creature barely misses you.
You hit the slime creature.
The slime creature is heavily wounded.
You block the slime creature's attack.
You sock the slime creature!
Your headbutt misses the slime creature.
The slime creature is heavily wounded.
The slime creature hits you!
* * * LOW HITPOINT WARNING * * *
You hit the slime creature.
Your headbutt misses the slime creature.
The slime creature is severely wounded.
The slime creature hits you!
* * * LOW HITPOINT WARNING * * *
You sock the slime creature!
The slime creature is severely wounded.
The slime creature hits you!
You die...

###################
#<.#..)..#..'..#__#
#..').#..').#..@J.+
#..#####'#####'#__#
#..####..#...#.####
#..#__####..##.#
#..#_____##'#_.+
#⌠⌠#_.∩...†..._#
####_..__##_.#'#
#_____###+#.#
####### ###


You could see a slime creature.

Vanquished Creatures
  Sigmund (D)
  A yak (D)
  An ogre (D)
  A jelly (D)
  Ijyb (D)
5 creatures vanquished.

Notes
Turn   | Place    | Note
-------+----------+-------------------------------------------
     0 | D        | mhtbhm the Minotaur Fighter began the quest for the Orb.
     0 | D        | Reached XP level 1. HP: 19/19 MP: 0/0
     2 | D        | Noticed Ijyb
    18 | D        | Killed Ijyb
    19 | D        | Reached skill level 5 in Fighting
    19 | D        | Reached skill level 5 in Armour
    19 | D        | Reached skill level 5 in Shields
    19 | D        | Reached XP level 2. HP: 17/29 MP: 1/1
   151 | D        | Noticed an ogre
   156 | D        | Killed an ogre
   157 | D        | Reached skill level 7 in Armour
   157 | D        | Reached XP level 3. HP: 39/39 MP: 2/2
   157 | D        | Reached XP level 4. HP: 47/47 MP: 3/3
   212 | D        | Noticed Sigmund
   222 | D        | Killed Sigmund
   223 | D        | Reached skill level 9 in Armour
   223 | D        | Reached XP level 5. HP: 34/56 MP: 4/4
   356 | D        | Found an ornate altar of the Wu Jian Council.
   356 | D        | Found a shimmering blue altar of Sif Muna.
   358 | D        | Found a radiant altar of Vehumet.
   362 | D        | Reached XP level 6. HP: 58/62 MP: 5/5
   393 | D        | Found Lamyicwi's Jewellery Emporium.
   393 | D        | Found an ancient bone altar of Kikubaaqudgha.
   393 | D        | Found a hazy altar of Hepliaklqana.
   393 | D        | Found a stormy altar of Qazlal.
   393 | D        | Found a hide-covered altar of Uskayaw.
   393 | D        | Found a blossoming altar of Fedhas.
   393 | D        | Found a bloodstained altar of Trog.
   393 | D        | Found an iron altar of Okawaru.
   393 | D        | Found a basalt altar of Yredelemnul.
   393 | D        | Found a glowing golden altar of the Shining One.
   393 | D        | Found a snail-covered altar of Cheibriados.
   393 | D        | Found a sacrificial altar of Ru.
   393 | D        | Found a glowing silver altar of Zin.
   393 | D        | Found a shadowy altar of Dithmenos.
   393 | D        | Found a white marble altar of Elyvilon.
   393 | D        | Noticed a yak
   399 | D        | Killed a yak
   400 | D        | Reached skill level 10 in Armour
   400 | D        | Found an opulent altar of Gozag.
   401 | D        | Found a sparkling altar of Nemelex Xobeh.
   410 | D        | Became a worshipper of Trog the Wrathful
   453 | D        | Bought an amulet of reflection for 300 gold pieces
   471 | D        | Found a burning altar of Makhleb.
   471 | D        | Found a viscous altar of Jiyva.
   471 | D        | Found a shimmering altar of Xom.
   471 | D        | Found a corrupted altar of Lugonu.
   471 | D        | Noticed a slime creature
   481 | D        | Slain by a slime creature

Illustrated notes

Levels and vault maps discovered:
D:        dungeon_sprint_1 [red_sonja_temple_1, red_sonja_temple_small_1]

Skill      XL: |  1  2  3  4  5  6 |
---------------+-------------------+-----
Fighting       | 5 7 8 9 |  9.6
Maces & Flails | 3 4 6 7 |  7.9
Armour         | 5 7 9 10 | 10.3
Shields        | 5 6 8 9 |  9.1

Action                   |  1- 3 |  4- 6 || total
-------------------------+-------+-------++-------
Melee: Flail             |    19 |    25 ||    44
       Headbutt          |     5 |     6 ||    11
  Use: Potion            |     1 |       ||     1
Armor: Scale mail        |     6 |     5 ||    11
Dodge: Dodged            |     4 |     3 ||     7
Block: Buckler           |     4 |     3 ||     7

Table legend: (Time is in decaauts)
 A = Elapsed time spent in this place.
 B = Non-inter-level travel time spent in this place.
 C = Inter-level travel time spent in this place.
 D = Time resting spent in this place.
 E = Time spent auto-exploring this place.
 F = Levels seen in this place.
 G = Mean time per level.
                   A        B        C        D        E       F      G
               +--------+--------+--------+--------+--------+-----+--------+
         Total |    501 |    501 |      0 |    340 |      0 |   1 |  501.0 |
       Dungeon |    501 |    501 |      0 |    340 |      0 |   1 |  501.0 |
               +--------+--------+--------+--------+--------+-----+--------+

Top non-repeatable levels by time:
       D: 501 daAuts
